 Dungeon Crawl Stone Soup version 0.21.1-1-g345015fe64 (webtiles) character file.

6928 JOKERXD40 the Cleaver (level 10, -9/91 HPs)
             Began as a Minotaur Berserker on July 10, 2018.
             Was a High Priest of Trog.
             Killed from afar by a lindwurm (26 damage)
             ... with a blast of flame
             ... on level 9 of the Dungeon.
             The game lasted 00:19:31 (7455 turns).

JOKERXD40 the Cleaver (Minotaur Berserker)          Turns: 7455, Time: 00:19:31

Health: -9/91      AC:  9    Str: 25    XL:     10   Next: 80%
Magic:  9/9        EV: 14    Int:  4    God:    Trog [*****.]
Gold:   511        SH:  0    Dex: 10    Spells: 9/9 levels left

rFire    . . .     SeeInvis .   G - +9 battleaxe (chop)
rCold    . . .     Gourm    .   (shield currently unavailable)
rNeg     . . .     Faith    .   m - +0 ring mail
rPois    .         Spirit   .   (helmet restricted)
rElec    .         Reflect  .   y - +0 cloak
rCorr    .         Harm     .   p - +0 pair of gloves
MR       .....                  (no boots)
Stlth    +++.......             (no amulet)
HPRegen  0.25/turn              o - ring of stealth
MPRegen  0.11/turn              (no ring)

@: berserk cooldown, flying, slowed, very slow
A: retaliatory headbutt, horns 2
a: Berserk, Trog's Hand, Brothers in Arms, Burn Spellbooks, Renounce Religion


You were on level 9 of the Dungeon.
You worshipped Trog.
Trog was extremely pleased with you.
You were very hungry.

You visited 1 branch of the dungeon, and saw 9 of its levels.

You collected 511 gold pieces.

Inventory:

Hand Weapons
 G - a +9 battleaxe of chopping (weapon)
Armour
 m - a +0 ring mail (worn)
 p - a +0 pair of gloves (worn)
 y - a +0 cloak (worn)
Jewellery
 o - a ring of stealth (left hand)
Wands
 g - a wand of polymorph (9)
 x - a wand of enslavement (14)
 B - a wand of random effects (18)
 C - a wand of digging (10)
 E - a wand of disintegration (15)
Scrolls
 a - a scroll of blinking {unknown}
 e - 7 scrolls of identify
 h - 3 scrolls of teleportation
 k - 2 scrolls of fog
 l - 4 scrolls of amnesia
 q - a scroll of summoning {unknown}
 r - a scroll of enchant weapon
 t - 2 scrolls of remove curse
 v - a scroll of noise {unknown}
 z - a scroll of enchant armour {unknown}
 F - a scroll of magic mapping
Potions
 b - a potion of degeneration {unknown}
 d - 2 potions of flight
 f - 2 potions of cancellation
 i - a potion of heal wounds
 j - 3 potions of might
 n - 5 potions of curing
 s - a potion of agility
 u - a potion of magic {unknown}
 A - a potion of lignification {unknown}
 D - a potion of haste
Comestibles
 c - 10 rations


   Skills:
 + Level 9.2 Fighting
 + Level 12.9 Axes
 + Level 8.6 Armour
 + Level 7.0 Dodging
 + Level 4.5 Stealth


You had 9 spell levels left.
You didn't know any spells.

Dungeon Overview and Level Annotations

Branches:
Dungeon (9/15)             Temple (0/1) D:5
   Lair: D:8-11         Orc: D:9-12

Altars:
Makhleb
Okawaru
The Shining One


Innate Abilities, Weirdness & Mutations

You reflexively headbutt those who attack you in melee.
You have a pair of horns on your head.


Message History

The lindwurm is moderately wounded.
The lindwurm closely misses you. The lindwurm claws you! x2
The lindwurm bites you.
* * * LOW HITPOINT WARNING * * *
The lindwurm barely misses you. The lindwurm misses you.
You feel much better. The lindwurm breathes flames at you.
The blast of flame hits you!
* * * LOW HITPOINT WARNING * * *
The lindwurm closely misses you. You furiously retaliate!
You headbutt the lindwurm, but do no damage.
The lindwurm barely misses you. The lindwurm claws you.
* * * LOW HITPOINT WARNING * * *
The lindwurm closely misses you. The lindwurm claws you.
* * * LOW HITPOINT WARNING * * *
The lindwurm claws you but does no damage.
You feel better. The lindwurm breathes flames at you.
The blast of flame hits you!
You die...

#.....§.§§≈....!..## #.###
##...§§§≈≈≈§≈≈§.....###.#..
#.§§.≈§§≈§≈≈≈≈≈≈≈....##.#.#
##...§≈≈§≈≈≈§≈≈§≈≈§...##.#.#
#...≈≈≈≈§≈§≈≈≈≈≈≈§≈§...#.#.###!..
#[..§§≈≈≈≈§...§§§≈≈≈.....).......
...≈§§≈≈...##..§≈≈≈§≈...##.......
#..≈§≈≈≈..####..§§≈§≈...# #####..
.§§§§≈§..#.)).#k@≈≈§≈..##
#.≈§§≈≈.##)>)?##k§≈≈≈≈.#
#.≈§≈≈≈.## |(##k≈≈§≈≈.#
...≈≈≈≈§.#. [.#.!§≈§≈..#
...§§≈≈§..####k.§§§§≈..##
...§§≈§§$..##§..≈≈≈§§...#
....§≈§§≈≈.§k.§§≈≈§§....#
#...§≈≈≈§≈§§≈§§§§§§≈..(.#
##...≈≈≈§≈≈§§≈≈≈§≈≈.....#


You could see 3 lindwurms.

Vanquished Creatures
  A two-headed ogre (D:8)
  The ghost of SlightEye the Covert, a novice OpAs of Gozag (D:9)
  A lindwurm (D:9)
  Pikel (D:4)
  A hornet (D:8)
  A queen bee (D:8)
  Sigmund (D:4)
  Eustachio (D:4)
  Menkaure (D:7)
  An orc warrior (D:6)
  An ice beast (D:7)
  A hornet zombie (D:8)
  2 slaves (D:4)
  A necrophage (D:5)
  4 centaurs
  2 big kobolds (D:8)
  3 bullfrogs
  3 gnoll sergeants (D:8)
  2 scorpions
  21 killer bees
  3 wights (D:8)
  A howler monkey (D:6)
  A crimson imp (D:6)
  A quasit (D:5)
  2 jellies
  5 orc priests
  13 hounds
  12 orc wizards
  Crazy Yiuf (D:7)
  2 iguanas
  5 worker ants
  A hound skeleton (D:5)
  A worker ant zombie (D:5)
  15 gnolls
  10 adders
  A shadow imp (D:8)
  2 oozes
  An adder skeleton (D:8)
  4 worms
  2 dart slugs
  5 leopard geckos
  25 orcs
  5 giant cockroaches
  13 hobgoblins
  2 jackals (D:7)
  4 quokkas
  4 ball pythons
  10 bats
  5 frilled lizards
  7 goblins
  2 jackal zombies (D:5)
  16 kobolds
  10 rats
241 creatures vanquished.

Vanquished Creatures (others)
  A worm (D:4)
  A bat (D:3)
2 creatures vanquished.

Grand Total: 243 creatures vanquished

Notes
Turn   | Place    | Note
-------+----------+-------------------------------------------
     0 | D:1      | JOKERXD40 the Minotaur Berserker began the quest for the Orb.
     0 | D:1      | Reached XP level 1. HP: 19/19 MP: 0/0
   170 | D:1      | Reached XP level 2. HP: 24/27 MP: 1/1
   254 | D:1      | Reached skill level 4 in Axes
   498 | D:1      | Reached XP level 3. HP: 16/33 MP: 2/2
   929 | D:2      | HP: 1/33 [poisoned by an adder]
   945 | D:2      | Reached ** piety under Trog
  1287 | D:2      | Reached XP level 4. HP: 41/41 MP: 3/3
  1573 | D:3      | Reached skill level 5 in Axes
  1612 | D:3      | Found a burning altar of Makhleb.
  1651 | D:3      | Reached XP level 5. HP: 45/47 MP: 4/4
  1845 | D:3      | Reached *** piety under Trog
  1850 | D:3      | Found an iron altar of Okawaru.
  2073 | D:3      | Found a glowing golden altar of the Shining One.
  2206 | D:4      | Reached skill level 6 in Axes
  2317 | D:4      | Reached skill level 1 in Stealth
  2317 | D:4      | Reached XP level 6. HP: 55/55 MP: 5/5
  2329 | D:4      | Noticed Eustachio
  2331 | D:4      | Reached skill level 5 in Fighting
  2350 | D:4      | Killed Eustachio
  2378 | D:4      | Noticed Pikel
  2378 | D:4      | Noticed a slave
  2378 | D:4      | Noticed a slave
  2378 | D:4      | Noticed a slave
  2379 | D:4      | Noticed a slave
  2384 | D:4      | Killed a slave
  2389 | D:4      | Reached XP level 7. HP: 57/61 MP: 6/6
  2390 | D:4      | Killed Pikel
  2390 | D:4      | Reached skill level 7 in Axes
  2390 | D:4      | Reached skill level 5 in Armour
  2459 | D:4      | Reached skill level 8 in Axes
  2663 | D:4      | Noticed Sigmund
  2673 | D:4      | Killed Sigmund
  2673 | D:4      | Reached XP level 8. HP: 70/70 MP: 7/7
  2732 | D:5      | Entered Level 5 of the Dungeon
  3133 | D:5      | Found a staircase to the Ecumenical Temple.
  3541 | D:6      | Reached skill level 9 in Axes
  3627 | D:6      | Reached **** piety under Trog
  3996 | D:6      | Reached XP level 9. HP: 78/78 MP: 8/8
  4364 | D:7      | Reached skill level 5 in Dodging
  4627 | D:7      | Reached skill level 10 in Axes
  4780 | D:7      | Found a runed door.
  4843 | D:7      | Noticed Crazy Yiuf
  4845 | D:7      | Killed Crazy Yiuf
  4910 | D:7      | Noticed Menkaure
  4916 | D:7      | Killed Menkaure
  5277 | D:8      | Reached ***** piety under Trog
  5289 | D:8      | Noticed a two-headed ogre
  5679 | D:8      | Reached skill level 11 in Axes
  5701 | D:8      | Noticed a queen bee
  5711 | D:8      | Killed a queen bee
  5717 | D:8      | Reached XP level 10. HP: 40/88 MP: 9/9
  5756 | D:8      | HP: 3/88 [hound (5)]
  5762 | D:8      | HP: 3/88 [poisoned by a killer bee]
  6119 | D:8      | Killed a two-headed ogre
  6119 | D:8      | Reached skill level 12 in Axes
  6864 | D:9      | Noticed SlightEye's ghost (novice OpAs)
  6920 | D:9      | Killed SlightEye's ghost
  6920 | D:9      | Received a gift from Trog
  6942 | D:9      | Noticed a lindwurm
  7175 | D:9      | Noticed a lindwurm
  7201 | D:9      | Noticed a lindwurm
  7207 | D:9      | Noticed a lindwurm
  7450 | D:9      | Killed a lindwurm
  7455 | D:9      | Killed from afar by a lindwurm

Skill      XL: |  1  2  3  4  5  6  7  8  9 10 |
---------------+-------------------------------+-----
Axes           | 4 5 6 8 9 11 12 | 12.9
Fighting       | 4 5 6 7 9 |  9.2
Armour         | 3 4 5 6 7 8 |  8.6
Dodging        | 3 4 5 7 |  7.0
Stealth        | 1 2 3 4 |  4.5

Action                   |  1- 3 |  4- 6 |  7- 9 | 10-12 || total
-------------------------+-------+-------+-------+-------++-------
Melee: Hand axe          |    76 |   110 |   166 |       ||   352
       Headbutt          |    10 |    16 |    46 |    20 ||    92
       War axe           |       |       |    75 |   169 ||   244
       Battleaxe         |       |       |       |     6 ||     6
Invok: Berserk           |       |     4 |     6 |     5 ||    15
       Burn Spellbooks   |       |     1 |     1 |       ||     2
       Trog's Hand       |       |       |     1 |       ||     1
  Use: Potion            |     2 |       |       |     4 ||     6
       Scroll            |       |       |    11 |     3 ||    14
 Stab: Sleeping          |       |     3 |     7 |       ||    10
  Eat: Chunk             |     1 |     4 |     9 |       ||    14
       Ration            |       |     1 |     2 |     3 ||     6
Armor: Animal skin       |    15 |       |       |       ||    15
       Ring mail         |       |    33 |    90 |    66 ||   189
Dodge: Dodged            |    61 |    79 |   170 |   117 ||   427
